 Dungeon Crawl Stone Soup version 0.28.0-53-g5a82cb258f (webtiles) character file.

Game seed: 14871374312361597557

179239 cbfl8 the Severer (level 17, 0/166 HPs)
             Began as a Minotaur Berserker on Aug 1, 2022.
             Was the Champion of Trog.
             Slain by a tyrant leech (23 damage)
             ... on level 2 of the Swamp.
             The game lasted 01:04:20 (43107 turns).

cbfl8 the Severer (Minotaur Berserker)             Turns: 43107, Time: 01:04:21

Health: 0/166      AC: 31    Str: 21    XL:     17   Next: 60%
Magic:  16/16      EV:  9    Int: 10    God:    Trog [******]
Gold:   2056       SH:  5    Dex: 23    Spells: 16/16 levels left

rFire   + . .      SeeInvis .   S - +7 battleaxe of Mourning {freeze, rElec Int+6 Stlth-}
rCold   + . .      Faith    .   (shield currently unavailable)
rNeg    + . .      Spirit   .   O - +2 crystal plate armour {rC+}
rPois   +          Reflect  +   (helmet restricted)
rElec   +          Harm     .   U - +0 cloak of Foolhardiness {rF+ rN+ Dex+4}
rCorr   .          Rampage  .   n - +2 pair of gloves
Will    +....                   p - +0 pair of boots
Stlth   ..........              b - amulet of reflection
HPRegen 0.37/turn               y - ring of poison resistance
MPRegen 0.15/turn               x - +4 ring of slaying

@: grasped by roots, on berserk cooldown, slowed, constricted, studying Dodging,
very slow
A: horns 2, retaliatory headbutt
a: Renounce Religion, Berserk, Trog's Hand, Brothers in Arms


You were on level 2 of the Swamp.
You worshipped Trog.
Trog was exalted by your worship.
You visited 5 branches of the dungeon, and saw 28 of its levels.
You also visited: Ice Cave and Volcano.

You collected 3735 gold pieces.
You spent 1679 gold pieces at shops.

Inventory:

Hand Weapons
 z - a +4 antimagic long sword
 S - the +7 battleaxe of Mourning (weapon) {freeze, rElec Int+6 Stlth-}
   (You found it on level 11 of the Dungeon)

   It freezes those it strikes, dealing additional cold damage.
   It can also slow down cold-blooded creatures.
   Int:       It affects your intelligence (+6).
   rElec:     It insulates you from electricity.
   Stlth:     It makes you less stealthy.
Missiles
 A - 6 throwing nets
Armour
 n - a +2 pair of gloves (worn)
 p - a +0 pair of boots (worn)
 O - a +2 crystal plate armour of cold resistance (worn)
 T - +0 ice dragon scales
 U - the +0 cloak of Foolhardiness (worn) {rF+ rN+ Dex+4}
   (You found it on level 12 of the Dungeon)

   Dex:       It affects your dexterity (+4).
   rF:        It protects you from fire.
   rN:        It protects you from negative energy.
Jewellery
 b - an amulet of reflection (around neck)
 j - a +4 ring of protection
 t - a ring of resist corrosion
 v - a +4 ring of evasion
 x - a +4 ring of slaying (right hand)
 y - a ring of poison resistance (left hand)
 V - a +6 ring of strength
 W - a ring of see invisible
Wands
 e - a wand of paralysis (8)
 q - a wand of iceblast (7) (quivered)
 r - a wand of polymorph (19)
 M - a wand of flame (25)
Scrolls
 c - 9 scrolls of teleportation
 d - 8 scrolls of enchant armour
 g - 6 scrolls of fog
 h - 7 scrolls of immolation
 k - 4 scrolls of blinking
 m - 7 scrolls of magic mapping
 o - 6 scrolls of noise
 E - 2 scrolls of holy word
 F - 4 scrolls of fear
 H - a scroll of summoning
 N - 3 scrolls of brand weapon
 R - 9 scrolls of enchant weapon
Potions
 f - 12 potions of curing
 l - 2 potions of invisibility {unknown}
 s - 2 potions of haste {unknown}
 u - a potion of resistance
 w - 5 potions of lignification
 B - 8 potions of flight
 D - 2 potions of berserk rage {unknown}
 I - 4 potions of mutation {unknown}
 K - a potion of might {unknown}
 X - 2 potions of ambrosia {unknown}
 Y - a potion of experience {unknown}
 Z - 3 potions of cancellation {unknown}
Miscellaneous
 a - a phantom mirror
 L - a piece from Xom's chessboard (15/15)


   Skills:
 * Level 18.7 Fighting
 + Level 20.2 Axes
 + Level 0.4(13.2) Polearms
 + Level 13.1 Armour
 * Level 15.3 Dodging
 * Level 5.8 Stealth
 + Level 10.0 Shields
 * Level 11.8 Evocations


You had 16 spell levels left.
You didn't know any spells.
Your spell library was empty.

Dungeon Overview and Level Annotations

Branches:
Dungeon (15/15)            Temple (0/1) D:7            Lair (6/6) D:10
  Swamp (2/4) Lair:3        Snake (3/4) Lair:3        Slime (0/5) Lair:5
    Orc (2/2) D:9             Elf (0/3) Orc:2        Vaults (0/5) D:13
 Depths (0/4) D:15          IceCv (visited)         Volcano (visited)

Altars:
Ashenzari
Cheibriados
Dithmenos
Elyvilon
Makhleb
Nemelex Xobeh
Sif Muna
Trog
Uskayaw
Vehumet
Wu Jian
Xom
Yredelemnul
The Shining One
Jiyva

Shops:
D:4 [*?   D:11 [   Orc:2 ([*:*   Snake:2 (*!:*


Innate Abilities, Weirdness & Mutations

You have a pair of horns on your head.
You reflexively headbutt those who attack you in melee.


Message History

2 foxfires come into view.
The roots' grasp on you weakens, but your attempt to escape fails.
The foxfire hits you! You resist.
* * * LOW HITPOINT WARNING * * *
The foxfire hits you. You resist.
* * * LOW HITPOINT WARNING * * *
The six-headed hydra misses you.
The six-headed hydra bites you but does no damage. x2
The six-headed hydra bites you.
* * * LOW HITPOINT WARNING * * *
The six-headed hydra barely misses you. x2
You block the tyrant leech's attack. The grasping roots constrict you.
* * * LOW HITPOINT WARNING * * *
The six-headed hydra bites you!
* * * LOW HITPOINT WARNING * * *
The six-headed hydra bites you!
* * * LOW HITPOINT WARNING * * *
You block the six-headed hydra's attack.
The six-headed hydra bites you!
* * * LOW HITPOINT WARNING * * *
The six-headed hydra bites you but does no damage. x2
The will-o-the-wisp gestures.
The will-o-the-wisp conjures some foxfire! 2 foxfires come into view.
You feel much better. The foxfire hits you. You resist.
* * * LOW HITPOINT WARNING * * *
The tyrant leech bites you but does no damage.
The six-headed hydra bites you but does no damage. x2
You block the six-headed hydra's attack.
The six-headed hydra bites you!
* * * LOW HITPOINT WARNING * * *
The six-headed hydra closely misses you.
The six-headed hydra bites you but does no damage.
The shambling mangrove completely misses you.
The grasping roots constrict you!
* * * LOW HITPOINT WARNING * * *
You feel much better.
The tyrant leech is engulfed in a cloud of scalding steam.
The tyrant leech bites you!!
You die...

♣ ♣♣≈≈≈.≈....≈≈≈≈♣ .
.♣≈≈≈..≈≈.§≈≈§.♣♣♣
.♣♣♣♣♣♣...≈≈≈....♣♣♣
♣♣≈♣ ♣♣♣.≈≈≈.≈§≈≈.♣♣
♣≈♣♣♣ ♣♣≈≈≈≈≈≈≈≈..♣♣
...≈♣♣♣♣♣♣♣♣≈§≈≈.≈≈≈.≈.♣
.≈≈≈.♣...≈≈♣♣♣♣♣....♣≈.♣
≈≈≈≈.≈≈≈≈≈..♣♣§f§§.....♣
.≈≈≈.♣.≈)≈≈...vw@§..§≈.♣
♣.≈≈≈♣♣♣♣...≈.§D§≈≈.≈≈≈♣
♣♣♣♣♣♣ ♣♣♣♣.§v≈≈≈≈..≈♣♣
♣♣♣ ♣♣...≈§≈≈...♣♣♣ ≈≈♣♣
♣♣♣.≈≈§≈≈≈≈.♣♣♣
...♣♣♣♣≈≈≈≈≈≈.≈≈≈♣♣
≈...≈♣♣≈.≈≈.≈≈...♣
≈≈≈≈≈≈♣≈...♣♣♣♣♣♣♣
.≈≈≈..≈..†♣♣


You could see a shambling mangrove, a six-headed hydra, a tyrant leech and a
will-o-the-wisp.

Vanquished Creatures
  Vashnia (Snake:2)
  Nikola (Swamp:1)
  An acid blob (Lair:5)
  A tengu reaver (D:12)
  Agnes (D:15)
  A nagaraja (Snake:2)
  A fire giant (D:12)
  2 frost giants
  An orc warlord (Orc:1)
  4 ghouls (Swamp:2)
  The ghost of Plazmod the Devastator, a journeyman DECj of Vehumet (Lair:5)
  3 eleionomae
  A bunyip (Swamp:2)
  The ghost of Ixoagrun the Bludgeoner, a journeyman MiFi of Okawaru (Lair:3)
  2 ettins
  2 fire dragons (Lair:6)
  2 boulder beetles
  Harold (D:8)
  7 hydras
  3 vault guards (D:13)
  6 anacondas
  7 naga warriors
  An ice dragon (D:11)
  A ghost crab (Swamp:2)
  4 two-headed ogres
  3 centaur warriors
  Erica (D:8)
  2 alligators
  3 orc high priests
  4 shock serpents
  A tengu warrior (D:12)
  23 death yaks
  9 naga sharpshooters
  5 salamander mystics
  5 skeletal warriors (D:12)
  2 spriggan druids (Swamp:1)
  A sea snake (Snake:2)
  A swamp dragon (Lair:6)
  A goliath frog (Swamp:1)
  3 naga ritualists
  4 wizards
  4 bog bodies (Swamp:2)
  A deep elf archer (Volcano)
  6 orc knights
  2 lindwurms (Lair:6)
  A necromancer (D:15)
  8 deep elf pyromancers
  An oklob plant (Lair:5)
  7 mana vipers
  A wolf spider (D:14)
  5 orc sorcerers
  4 cyclopes
  14 salamanders
  5 ugly things
  13 elephants
  2 manticores
  Joseph (D:9)
  2 guardian serpents
  26 black mambas
  An ice statue (IceCv)
  4 gargoyles
  9 naga magi
  6 torpor snails (Lair:6)
  An unseen horror (D:12)
  A centaur skeleton (D:15)
  13 cane toads
  12 rime drakes
  4 yaktaurs
  Psyche (D:7)
  2 kobold demonologists (D:10)
  2 tengu conjurers
  18 komodo dragons
  A yaktaur (shapeshifter) (D:12)
  3 efreet
  6 trolls
  5 tyrant leeches
  6 polar bears
  A hornet (shapeshifter) (D:15)
  A meliai (D:12)
  A wolf spider simulacrum (D:15)
  Grinder (D:5)
  11 hornets
  13 blink frogs
  Prince Ribbit (D:9)
  6 slime creatures
  A dream sheep (shapeshifter) (D:12)
  7 dream sheep (Lair:6)
  Sigmund (D:2)
  2 centaur simulacra
  3 spriggans
  4 wyverns
  2 wraiths
  49 yaks
  Grum (D:8)
  6 fire elementals (Volcano)
  3 basilisks
  3 steam dragons (Lair:6)
  7 vampire mosquitoes
  2 wargs
  7 swamp worms
  13 water moccasins
  37 nagas
  2 sky beasts (D:6)
  A meliai simulacrum (D:11)
  2 swamp drakes (Lair:6)
  7 hell hounds
  34 orc warriors
  3 ice beasts
  3 black bears
  42 wolves
  17 centaurs
  2 necrophages (Swamp:2)
  5 ogres
  2 phantoms (D:6)
  8 kobold brigands
  A gnoll sergeant (D:9)
  6 bullfrogs
  2 scorpions
  3 water moccasin zombies (D:6)
  19 killer bees
  2 electric eels (Snake:2)
  10 howler monkeys
  A bullfrog zombie (D:6)
  2 centaur zombies
  24 orc priests
  2 jellies (D:5)
  A hound (D:5)
  2 gnoll shamans
  5 iguanas
  Crazy Yiuf (D:2)
  A bullfrog skeleton (D:6)
  Ijyb (D:5)
  5 hell rats (Lair:3)
  33 orc wizards
  A killer bee zombie (D:8)
  A hound skeleton (D:5)
  Robin (D:2)
  8 adders
  18 gnolls
  A shadow imp (D:6)
  14 white imps
  An ufetubus (D:4)
  A worm (D:2)
  68 orcs
  4 bats (D:1)
  9 endoplasms
  3 giant cockroaches
  7 goblins
  13 hobgoblins
  25 kobolds
  2 quokkas
  5 ball pythons
  3 frilled lizards
  5 rats
  A spectral kobold (D:1)
945 creatures vanquished.

Vanquished Creatures (others)
  A vault guard (D:13)
  A spriggan (Swamp:1)
  2 hornets (Swamp:1)
  A naga (Snake:1)
  A swamp worm (Swamp:1)
  An orc wizard (Orc:2)
  A kobold (D:8)
  3 foxfires (Swamp:2)
  21 fungi
  78 plants
110 creatures vanquished.

Grand Total: 1055 creatures vanquished

Notes
Turn   | Place    | Note
-------+----------+-------------------------------------------
     0 | D:1      | cbfl8 the Minotaur Berserker began the quest for the Orb.
     0 | D:1      | Reached XP level 1. HP: 19/19 MP: 0/0
   122 | D:1      | Reached XP level 2. HP: 23/27 MP: 1/1
   125 | D:1      | Reached skill level 4 in Axes
   671 | D:1      | Found a faded altar of an unknown god.
  1215 | D:2      | Reached ** piety under Trog
  1216 | D:2      | Reached XP level 3. HP: 32/33 MP: 2/2
  1341 | D:2      | Noticed Robin
  1349 | D:2      | Killed Robin
  1360 | D:2      | HP: 1/34 [poisoned by an adder]
  1758 | D:2      | Reached XP level 4. HP: 41/41 MP: 3/3
  1991 | D:2      | Found a runed translucent door.
  1992 | D:2      | Noticed Crazy Yiuf
  2025 | D:2      | Reached skill level 5 in Axes
  2256 | D:2      | Noticed Sigmund
  2266 | D:2      | Killed Sigmund
  2267 | D:2      | Reached skill level 5 in Fighting
  2267 | D:2      | Reached skill level 1 in Evocations
  2267 | D:2      | Reached XP level 5. HP: 45/48 MP: 4/4
  2267 | D:2      | Reached XP level 6. HP: 52/56 MP: 5/5
  2533 | D:2      | Killed Crazy Yiuf
  2534 | D:2      | Reached skill level 1 in Stealth
  2674 | D:3      | Reached skill level 6 in Axes
  3657 | D:4      | Found Riuth's Magic Scroll Shoppe.
  3661 | D:4      | Bought a scroll of identify for 22 gold pieces
  3661 | D:4      | Bought a scroll of magic mapping for 38 gold pieces
  3700 | D:4      | Reached XP level 7. HP: 42/63 MP: 6/6
  3982 | D:4      | Found a shadowy altar of Dithmenos.
  4112 | D:4      | Found a hide-covered altar of Uskayaw.
  4506 | D:4      | Found a basalt altar of Yredelemnul.
  4513 | D:4      | Found Riqyhuipn's Assorted Antiques.
  4526 | D:4      | Found a glowing golden altar of the Shining One.
  4530 | D:4      | Noticed an angel
  4538 | D:4      | Noticed a profane servitor
  4562 | D:4      | Found Fafut's Antique Armour Boutique.
  4667 | D:4      | Bought a scroll of identify for 42 gold pieces
  4667 | D:4      | Bought a scroll of identify for 42 gold pieces
  4727 | D:5      | Entered Level 5 of the Dungeon
  4727 | D:5      | Noticed Ijyb
  4744 | D:5      | Killed Ijyb
  4938 | D:5      | Reached *** piety under Trog
  4939 | D:5      | Reached skill level 5 in Dodging
  4961 | D:5      | Reached skill level 7 in Axes
  5020 | D:5      | Noticed Grinder
  5028 | D:5      | Paralysed by Grinder for 7 turns
  5047 | D:5      | Killed Grinder
  5048 | D:5      | Reached XP level 8. HP: 71/71 MP: 7/7
  5959 | D:6      | Reached skill level 8 in Axes
  6043 | D:6      | Reached skill level 1 in Shields
  6255 | D:6      | Reached XP level 9. HP: 79/79 MP: 8/8
  6714 | D:6      | Found a broken altar of Ashenzari.
  6714 | D:6      | Found a white marble altar of Elyvilon.
  6714 | D:6      | Found a radiant altar of Vehumet.
  6944 | D:7      | Reached skill level 9 in Axes
  7174 | D:7      | Found a burning altar of Makhleb.
  7380 | D:7      | Found a staircase to the Ecumenical Temple.
  7722 | D:7      | Found a shimmering blue altar of Sif Muna.
  7933 | D:7      | Found an ornate altar of the Wu Jian Council.
  8040 | D:8      | Noticed Psyche
  8059 | D:7      | Killed Psyche
  8104 | D:8      | Reached **** piety under Trog
  8178 | D:8      | Reached skill level 5 in Armour
  8425 | D:8      | Noticed Erica
  8434 | D:8      | Killed Erica
  8435 | D:8      | Reached skill level 10 in Axes
  8435 | D:8      | Reached XP level 10. HP: 90/90 MP: 9/9
  8529 | D:8      | Reached skill level 5 in Evocations
  8582 | D:8      | Reached skill level 5 in Shields
  8737 | D:8      | Noticed Harold
  8750 | D:9      | Noticed Grum
  9037 | D:8      | Killed Harold
  9058 | D:8      | Killed Grum
  9564 | D:9      | Noticed Joseph
  9564 | D:9      | Noticed Prince Ribbit
  9568 | D:9      | Killed Joseph
  9576 | D:9      | Killed Prince Ribbit
  9892 | D:9      | Reached skill level 11 in Axes
  9906 | D:9      | Reached XP level 11. HP: 51/97 MP: 10/10
 10568 | D:9      | Found a sparkling altar of Nemelex Xobeh.
 10575 | D:9      | Reached ***** piety under Trog
 10586 | D:9      | Found a staircase to the Orcish Mines.
 10911 | D:10     | Entered Level 10 of the Dungeon
 11258 | D:10     | Reached skill level 10 in Fighting
 11416 | D:10     | Found a staircase to the Lair.
 11472 | D:10     | Found a snail-covered altar of Cheibriados.
 11883 | D:11     | Received a gift from Trog
 11920 | D:11     | Found Nisuno's Armour Shoppe.
 12530 | D:11     | Got the +7 battleaxe of Mourning {freeze, rElec Int+6
                  | Stlth-}
 12617 | D:11     | Reached skill level 12 in Axes
 12801 | D:11     | Noticed an ice dragon
 12815 | D:11     | Killed an ice dragon
 13098 | D:12     | Noticed a centaur warrior
 13102 | D:12     | Noticed a skeletal warrior
 13104 | D:12     | Noticed an orc knight
 13341 | D:12     | Noticed a tengu reaver
 13342 | D:12     | Noticed an orb spider
 13342 | D:12     | a snapping turtle changed into an orb spider
 13655 | D:12     | Noticed a skeletal warrior
 13655 | D:12     | Noticed a skeletal warrior
 13656 | D:12     | Noticed a skeletal warrior
 13656 | D:12     | Noticed a skeletal warrior
 13663 | D:12     | Noticed a tengu warrior
 14036 | D:12     | Killed a tengu warrior
 14122 | D:12     | Noticed a frost giant
 14145 | D:12     | Killed a frost giant
 14146 | D:12     | Reached XP level 12. HP: 37/108 MP: 11/11
 14400 | D:12     | Noticed a two-headed ogre
 14407 | D:12     | Killed a two-headed ogre
 14409 | D:12     | Noticed a fire giant
 14417 | D:12     | Noticed an ettin
 14417 | D:12     | Noticed a centaur warrior
 14595 | D:12     | Killed a centaur warrior
 14650 | D:12     | Noticed a seven-headed hydra
 14656 | D:12     | Killed a ten-headed hydra
 14702 | D:12     | Killed a centaur warrior
 14893 | D:12     | Found the +8 glaive of the Guard {elec, spectral, AC+5}
 14913 | D:12     | Identified the +0 cloak of Foolhardiness {rF+ rN+ Dex+4}
 14976 | D:12     | Reached skill level 13 in Axes
 15269 | D:12     | Reached skill level 10 in Dodging
 15641 | D:12     | Killed a fire giant
 15828 | D:12     | Killed a tengu reaver
 15884 | D:12     | Killed an ettin
 16421 | D:12     | Reached skill level 14 in Axes
 16421 | D:12     | Reached XP level 13. HP: 114/118 MP: 12/12
 17035 | D:13     | Found a frozen archway.
 17171 | IceCv    | Entered an ice cave
 18347 | IceCv    | Noticed a frost giant
 18369 | IceCv    | Killed a frost giant
 18370 | IceCv    | Reached skill level 15 in Axes
 20106 | D:13     | Found a gate to the Vaults.
 20762 | D:14     | Reached XP level 14. HP: 129/129 MP: 13/13
 21489 | D:15     | Entered Level 15 of the Dungeon
 21528 | D:15     | Noticed Agnes
 21536 | D:15     | Killed Agnes
 21667 | D:15     | Reached skill level 10 in Armour
 21874 | D:15     | Reached skill level 16 in Axes
 22147 | D:15     | Found a shimmering altar of Xom.
 22148 | D:15     | Found a shimmering altar of Xom.
 22149 | D:15     | Found a shimmering altar of Xom.
 22149 | D:15     | Found a shimmering altar of Xom.
 22151 | D:15     | Found a shimmering altar of Xom.
 22992 | D:15     | Found a staircase to the Depths.
 23556 | Lair:1   | Entered Level 1 of the Lair of Beasts
 23556 | Lair:1   | Found a bloodstained altar of Trog.
 24713 | Lair:2   | Found a burning altar of Makhleb.
 25538 | Lair:3   | Noticed Ixoagrun's ghost (journeyman MiFi)
 25550 | Lair:3   | Found a runed translucent door.
 25617 | Lair:3   | Found a staircase to the Snake Pit.
 25927 | Lair:3   | Received a gift from Trog
 25928 | Lair:3   | Reached skill level 17 in Axes
 26268 | Lair:3   | Found a staircase to the Swamp.
 26461 | Lair:3   | Killed Ixoagrun's ghost
 26846 | Lair:4   | Reached skill level 15 in Fighting
 27133 | Lair:4   | Reached XP level 15. HP: 103/141 MP: 14/14
 27470 | Lair:4   | Reached skill level 10 in Evocations
 28746 | Lair:5   | Found a transporter.
 28748 | Lair:5   | Found a transporter.
 28761 | Lair:5   | Noticed Plazmod's ghost (journeyman DECj)
 28826 | Lair:5   | Received a gift from Trog
 29602 | Lair:5   | Found a runed translucent door.
 29602 | Lair:5   | Found a viscous altar of Jiyva.
 29603 | Lair:5   | Found a staircase to the Slime Pits.
 29603 | Lair:5   | Noticed an acid blob
 29822 | Lair:5   | Killed an acid blob
 29966 | Lair:5   | Killed Plazmod's ghost
 30679 | Lair:6   | Entered Level 6 of the Lair of Beasts
 30757 | Lair:6   | Found a dark tunnel.
 30770 | Volcano  | Entered a volcano
 30854 | Volcano  | Reached skill level 18 in Axes
 31229 | Lair:6   | Received a gift from Trog
 32563 | Lair:6   | Reached XP level 16. HP: 152/152 MP: 15/15
 32580 | Lair:6   | Found a runed translucent door.
 33306 | Orc:1    | Entered Level 1 of the Orcish Mines
 34036 | Orc:2    | Entered Level 2 of the Orcish Mines
 34055 | Orc:2    | Reached ****** piety under Trog
 34131 | Orc:2    | Found a staircase to the Elven Halls.
 34208 | Orc:2    | Received a gift from Trog
 34229 | Orc:2    | Found Coaw's General Store.
 35647 | Orc:2    | Found Cuilur's Antique Armour Emporium.
 35648 | Orc:2    | Found Zatrill's Antique Weapon Emporium.
 35654 | Orc:2    | Found Ziny's General Store.
 35654 | Orc:2    | Found Ocurifug's Book Shoppe.
 35863 | Orc:2    | Bought a scroll of acquirement for 780 gold pieces
 35863 | Orc:2    | Acquired a manual of Dodging
 36060 | Snake:1  | Entered Level 1 of the Snake Pit
 36074 | Snake:1  | Reached skill level 19 in Axes
 36608 | Snake:1  | Received a gift from Trog
 38104 | Snake:2  | Found Gufowoaff's Antique Weapon Shoppe.
 38959 | Snake:2  | Found Kutelybu's Book Shoppe.
 38959 | Snake:2  | Found Zubata's Distillery.
 38961 | Snake:2  | Found Pacum's Assorted Antiques.
 38964 | Snake:2  | Found Bithret's Assorted Antiques.
 39017 | Snake:2  | Bought a potion of resistance for 140 gold pieces
 39017 | Snake:2  | Bought a potion of heal wounds for 70 gold pieces
 39017 | Snake:2  | Bought a potion of heal wounds for 70 gold pieces
 39028 | Snake:2  | Bought a scroll of blinking for 285 gold pieces
 39028 | Snake:2  | Bought a scroll of teleportation for 114 gold pieces
 39028 | Snake:2  | Bought a scroll of identify for 76 gold pieces
 39452 | Snake:2  | Noticed Vashnia
 39466 | Snake:2  | Killed Vashnia
 39478 | Snake:2  | Reached XP level 17. HP: 126/163 MP: 16/16
 39879 | Snake:2  | Reached skill level 5 in Stealth
 40667 | Snake:3  | Reached skill level 10 in Shields
 41066 | Snake:3  | Received a gift from Trog
 41695 | Swamp:1  | Entered Level 1 of the Swamp
 41882 | Swamp:1  | Reached skill level 15 in Dodging
 42004 | Swamp:1  | Reached skill level 20 in Axes
 42072 | Swamp:1  | Noticed Nikola
 42085 | Swamp:1  | Killed Nikola
 43105 | Swamp:2  | HP: 2/166 [six-headed hydra (12)]
 43107 | Swamp:2  | Slain by a tyrant leech

Illustrated notes

Levels and vault maps discovered:
D:1:      dpeg_arrival_boxorama, layout_basic,
          dreamdust_ecumenical_altar_drowned_temple, minmay_misc_feat_enclosed,
          minmay_close_crescents
D:2:      layout_basic, uniq_robin, uniq_crazy_yiuf_cottage, uniq_sigmund
D:3:      layout_loops_ring
D:4:      layout_basic, grunt_temple_overflow_holy_war,
          mainiacjoe_overflow_alcove_2, nicolae_uskayaw_suspiria, serial_shops,
          nicolae_shop_overgrown_old_shop, nicolae_shop_stone,
          nicolae_shop_trees, kennysheep_small_spiral
D:5:      layout_gridville, kennysheep_small_square, uniq_grinder, uniq_ijyb
D:6:      hangedman_cross_stitches, layout_loops_ring,
          gammafunk_temple_overflow_claw
D:7:      layout_loops_ring, bloody_makhleb, nicolae_wu_jian_glorious_leap,
          kennysheep_little_box, minmay_temple_entry_antechambers,
          corexii_hall_statues_l
D:8:      layout_basic, minivault_24, centaur_isle, uniq_erica, uniq_psyche,
          uniq_harold
D:9:      layout_cave_pods, mainiacjoe_overflow_six_doors_small, orc_0_dummy,
          uniq_prince_ribbit1, uniq_joseph, uniq_grum
D:10:     layout_rooms, marbit_many_paths, david_lair_shrubbed, eino_jars
D:11:     minmay_coctagon, layout_irregular_city, serial_shops,
          kennysheep_mini_moat
D:12:     minmay_guarded_unrand_guard, layout_irregular_city,
          serial_column_ruins, column_ruins_hut_ruined, column_ruins_grid_3,
          column_ruins_open_small_water, column_ruins_open_medium,
          column_ruins_open_small, column_ruins_open_small,
          column_ruins_open_small, column_ruins_open_tiny
D:13:     layout_rooms, grunt_vaults_entry_fortified, portal_ice_cave_entry_imps
D:14:     layout_rooms, chequers_serial_rivers_small_3
D:15:     grunt_enter_depths_magical_seal, layout_irregular_city,
          xom_redecorated, uniq_agnes
Lair:1:   layout_gridlike, basic_altar
Lair:2:   layout_chaotic_city, basic_altar, serial_bayou_shore_b,
          infiniplex_staircase_pool
Lair:3:   layout_loops_ring, palyth_hydra_swamp_entry,
          minmay_snake_entry_guardpost_small, hellmonk_ghost_happy_afterlife
Lair:4:   layout_small_grid, st_stairs_10
Lair:5:   layout_roguey, slime_altar_2, nzn_ghost_randoct,
          gauntlet_entry_generic
Lair:6:   guppyfry_lair_end_dragon, layout_hall_layers, wormcave,
          enter_volcano_3, lemuel_fruit_tree
Swamp:1:  layout_basic_swamp, nicolae_swamp_well_well_well, swamp_pool2,
          infiniplex_staircase_pool_2, uniq_nikola
Swamp:2:  layout_basic_swamp, hangedman_swamp_diagram
Snake:1:  layout_honeycomb
Snake:2:  layout_honeycomb, nicolae_take_the_stairs, grunt_megastairs_3,
          serial_bayou_shore_a, minmay_shoptagon, uniq_vashnia
Snake:3:  layout_honeycomb, grunt_ministairs_15
Orc:1:    layout_caves
Orc:2:    st_orc_congregation, layout_caves, serial_shops, nicolae_shop_stone,
          nicolae_orc_sculptors_studio

Skill      XL: |  1  2  3  4  5  6  7  8  9 10 11 12 13 14 15 16 17 |
---------------+----------------------------------------------------+-----
Axes           | 4 5 6 7 8 10 11 12 14 15 17 18 19 20 | 20.2
Fighting       | 4 5 6 7 8 9 10 12 13 15 16 17 18 | 18.7
Dodging        | 3 4 5 6 7 8 9 10 11 12 13 14 15 | 15.3
Evocations     | 1 2 3 4 5 7 9 10 11 | 11.8
Stealth        | 1 2 3 4 5 |  5.8
Armour         | 4 5 6 7 8 9 10 11 12 13 | 13.1
Shields        | 1 4 6 8 9 10 | 10.0
Polearms       | |  0.4

Action                   |  1- 3 |  4- 6 |  7- 9 | 10-12 | 13-15 | 16-18 || total
-------------------------+-------+-------+-------+-------+-------+-------++-------
Melee: Hand axe          |    67 |    71 |   230 |       |       |       ||   368
       Headbutt          |     6 |    19 |    57 |    67 |   160 |   154 ||   463
       Punch             |       |     2 |     3 |       |       |       ||     5
       War axe           |       |       |    39 |   239 |       |       ||   278
       Battleaxe         |       |       |       |   112 |   754 |   663 ||  1529
       Demon trident     |       |       |       |       |     3 |       ||     3
Invok: Berserk           |     1 |     3 |     9 |    16 |    11 |    13 ||    53
Evoke: Wand              |       |       |       |    16 |    24 |       ||    40
  Use: Scroll            |       |     5 |     4 |     6 |     7 |     9 ||    31
       Potion            |       |       |       |     3 |       |     8 ||    11
 Stab: Sleeping          |     1 |     2 |       |       |       |       ||     3
       Held in net/web   |       |       |       |     1 |       |       ||     1
Armor: Animal skin       |    14 |    15 |    13 |       |       |       ||    42
       Ring mail         |       |       |    13 |       |       |       ||    13
       Scale mail        |       |       |    27 |       |       |       ||    27
       Chain mail        |       |       |    25 |    17 |       |       ||    42
       Plate armour      |       |       |       |   142 |   287 |    41 ||   470
       Ice dragon scales |       |       |       |     2 |       |       ||     2
       Crystal plate arm |       |       |       |       |       |   297 ||   297
Dodge: Dodged            |    52 |    50 |   126 |   187 |   378 |   284 ||  1077
Block: Tower shield      |       |       |   137 |   295 |       |       ||   432
       Other             |       |       |     4 |    42 |   156 |   123 ||   325
       Reflection        |       |       |    25 |    37 |     8 |    15 ||    85
